 Dungeon Crawl Stone Soup version 0.15-a0-910-gf78ccf3 (console) character file.

100 MottledDragon the Cudgeler (level 4, 0/48 HPs)
             Began as an Ogre Chaos Knight on May 19, 2014.
             Was a Plaything of Xom.
             Slain by an orc
             ... wielding a +0,+0 short sword
              (6 damage)
             ... on Level 3 of the Dungeon.
             The game lasted 00:03:48 (945 turns).

MottledDragon the Cudgeler (Ogre Chaos Knight)       Turns: 945, Time: 00:03:48

HP   0/48        AC  5     Str 17      XL: 4   Next: 74%
MP   4/4         EV 10     Int 11      God: Xom
Gold 85          SH  0     Dex 10      Spells:  0 memorised,  3 levels left

rFire  . . .     SeeInvis .     s - +0 morningstar
rCold  . . .     Clarity  .     b - +2 robe
rNeg   . . .     Conserve .     (shield restricted)
rPois  +         rCorr    .     (helmet restricted)
rElec  .         rRot     .     (no cloak)
SustAb .         Spirit   .     (gloves unavailable)
rMut   .         Warding  .     (boots unavailable)
Gourm  .         Stasis   .     (no amulet)
MR     .....                    (no ring)
                                d - ring of poison resistance

@: not resistant to hostile enchantments, very unstealthy
A: unfitting armour, tough skin 1
a: Renounce Religion


You were on level 3 of the Dungeon.
You worshipped Xom.
You were Xom's teddy bear.
You were not hungry.

You visited 1 branch of the dungeon, and saw 4 of its levels.

You collected 85 gold pieces.

Inventory:

Hand weapons
 a - a +0,+0 mace of chaos
 s - a +0,+0 morningstar (weapon)
Armour
 b - a +2 robe (worn)
Comestibles
 c - 2 meat rations
 l - a pear
 m - a bread ration
 n - an apple
Scrolls
 e - 3 scrolls of amnesia {unknown}
 g - 6 scrolls of identify {unknown}
 k - a scroll of recharging {unknown}
 q - a scroll of teleportation {unknown}
 r - 2 scrolls of remove curse {unknown}
 t - a scroll of enchant armour {unknown}
Jewellery
 d - a ring of poison resistance (left hand)
Potions
 f - a potion of flight {unknown}
 h - a potion of haste {unknown}
 i - 3 potions of curing
 j - a potion of porridge
 o - a potion of magic {unknown}
 p - a potion of paralysis {unknown}
 u - 2 potions of cure mutation {unknown}


   Skills:
 - Level 4.0 Fighting
 + Level 7.0 Maces & Flails
 - Level 2.1 Dodging


You had 3 spell levels left.
You didn't know any spells.

Dungeon Overview and Level Annotations

Branches:
Dungeon (4/15)
 Temple: D:4-7

Altars:
Dithmenos
Qazlal


Innate Abilities, Weirdness & Mutations

You are too large for most types of armour.
You have tough skin (AC +1).


Message History

Found a scroll labeled NOIR OZIFOLO.
g - 6 scrolls labeled NOIR OZIFOLO (gained 1) Xom's attention almost turns to you for a moment.
A monocle briefly appears over your right eye.
You are now Xom's teddy bear.
A worm comes into view.
Found a scroll labeled XETAUN RIPLI.
The worm bites you!
* * * LOW HITPOINT WARNING * * *
You puncture the worm!
The worm is moderately wounded.
The worm bites you but does no damage.
An orc comes into view.
The orc shouts!
An orc comes into view.
The orc shouts!
An orc and an orc wizard come into view.
The orc hits you with a short sword.
You die...
Xom bursts into laughter!

... #.... #....
.# #...##.#
....o..#
...o..#
###+#######....
.###
##..........oo#
..PP. #.....)#
#@.# ≈≈≈♣≈≈
#......######.#
≈≈≈≈≈P.
#%.........##.#
≈≈≈≈≈≈≈
#>.........##.#
≈≈≈≈≈.≈
##.........##.#
≈≈≈≈≈≈≈.
#.......).##.#
≈≈.≈≈≈≈≈
#............#
.#.♣...#
######..w.####
### #
#####....# #


You could see an orc wizard and 3 orcs.

Vanquished Creatures
  A wyvern zombie (D:3)
  A giant gecko (D:1)
  3 oozes
  2 orcs (D:3)
  A ball python (D:1)
  3 bats
  3 goblins
  6 hobgoblins
  4 kobolds
  2 quokkas (D:2)
  4 giant cockroaches
  7 rats
37 creatures vanquished.

Notes
Turn   | Place    | Note
--------------------------------------------------------------
     0 | D:1      | MottledDragon, the Ogre Chaos Knight, began the quest for the Orb.
     0 | D:1      | Reached XP level 1. HP: 24/24 MP: 1/1
    52 | D:1      | Reached XP level 2. HP: 26/32 MP: 2/2
   214 | D:1      | Reached skill level 5 in Maces & Flails
   388 | D:1      | Reached XP level 3. HP: 31/39 MP: 3/3
   459 | D:2      | Noticed a water elemental
   460 | D:2      | Found a stormy altar of Qazlal.
   465 | D:2      | Noticed an air elemental
   465 | D:2      | Noticed a fire elemental
   465 | D:2      | Noticed an earth elemental
   806 | D:4      | Found a shadowy altar of Dithmenos.
   873 | D:4      | Noticed a phantom
   879 | D:3      | Reached skill level 6 in Maces & Flails
   898 | D:3      | Reached skill level 7 in Maces & Flails
   898 | D:3      | Reached XP level 4. HP: 6/48 MP: 4/4
   911 | D:3      | XOM: silly message
   916 | D:3      | HP: 2/48 [worm (8)]
   945 | D:3      | Slain by an orc

Action                   |  1- 3 |  4- 6 || total
-------------------------+-------+-------++-------
Melee: Mace              |    88 |       ||    88
       Morningstar       |    16 |     1 ||    17
  Use: Potion            |     1 |       ||     1
 Stab: Paralysed         |     4 |       ||     4
